 Dungeon Sprint DCSS version 0.23-a0-709-gaefc81b (webtiles) character file.

81 TheOrbIsALie the Geomancer (level 4, -4/24 HPs)
             Began as a Gargoyle Earth Elementalist on Jan 14, 2019.
             Slain by a necrophage (6 damage)
             ... in the Dungeon (Sprint II: "The Violet Keep of Menkaure").
             The game lasted 00:00:26 (31 turns).

TheOrbIsALie the Geomancer (GrEE)                     Turns: 31, Time: 00:00:26

Health: -4/24      AC:  5    Str: 11    XL:     4   Next: 40%
Magic:  1/11       EV: 12    Int: 17    God:
Gold:   0          SH:  0    Dex: 10    Spells: 12/13 levels left

rFire    . . .     SeeInvis .   (no weapon)
rCold    . . .     Gourm    .   (no shield)
rNeg     + . .     Faith    .   c - +0 robe
rPois    ∞         Spirit   .   (no helmet)
rElec    +         Reflect  .   (no cloak)
rCorr    .         Harm     .   (no gloves)
MR       .....     NoTele   +   (no boots)
Stlth    ++........             (no amulet)
HPRegen  0.08/turn              (no ring)
MPRegen  0.12/turn              (no ring)

@: berserk cooldown, slowed, very slow
A: negative energy resistance 1, electricity resistance, unbreathing,
petrification resistance, rot immunity, AC +3
a: no special abilities


You were in the Dungeon.
You were not hungry.

You visited 1 branch

Inventory:

Missiles
 b - 27 stones (quivered)
Armour
 c - a +0 robe (worn)
Scrolls
 j - a scroll of blinking
Potions
 e - a potion of curing
 f - a potion of heal wounds
 g - a potion of haste
 h - 2 potions of magic
Comestibles
 d - a ration


   Skills:
 - Level 1.5 Dodging
 - Level 2.1 Stealth
 * Level 5.3 Spellcasting
   Level 0.7 Transmutations
 + Level 8.3 Earth Magic


You had 12 spell levels left.
You knew the following spells:

 Your Spells              Type           Power        Failure   Level  Hunger
a - Sandblast             Erth           ####..       1%          1    None

Your spell library contained the following spells:

 Spells                   Type           Power        Failure   Level  Hunger
 Passwall                 Tmut/Erth      ###.....     3%          2    #......
 Stone Arrow              Conj/Erth      ###...       8%          3    ##.....
 Lee's Rapid Deconstruct  Erth           ####......   13%         5    ######.
 Petrify                  Tmut/Erth      ###.....     22%         4    ####...


Dungeon Overview and Level Annotations

Branches:
Dungeon (1/1)

Altars:


Innate Abilities, Weirdness & Mutations

You are resistant to torment.
Your stone body is resilient. (AC +3)
You are immune to poison.
You resist negative energy. (rN+)
You are resistant to electric shocks. (rElec)
You can survive without breathing.
You are immune to petrification.
You are immune to rotting.


Message History

The necrophage is heavily damaged.
You completely miss the necrophage.
The necrophage is heavily damaged.
The necrophage closely misses you.
You closely miss the necrophage.
The necrophage is heavily damaged.
The necrophage hits you.
* * * LOW HITPOINT WARNING * * *
You feel terrible.
You closely miss the necrophage.
The necrophage is heavily damaged.
You closely miss the necrophage.
The necrophage is heavily damaged.
You are no longer berserk.
You are exhausted.
You feel yourself slow down. The necrophage barely misses you.
You closely miss the necrophage.
The necrophage is heavily damaged.
The necrophage hits you.
You die...

## ## ##.
.## .. n.
# .#n ##.
#n#
#...##@##
#.+.<.+
#.m.##.##
##. #+# #


You could see 3 necrophages.

Vanquished Creatures
  A necrophage (D)
1 creature vanquished.

Notes
Turn   | Place    | Note
-------+----------+-------------------------------------------
     0 | D        | TheOrbIsALie the Gargoyle Earth Elementalist began the
                  | quest for the Orb.
     0 | D        | Reached XP level 1. HP: 10/10 MP: 3/3
     1 | D        | Noticed a merfolk siren
     5 | D        | Noticed a necrophage
     5 | D        | Noticed a necrophage
     5 | D        | Noticed a necrophage
     5 | D        | Noticed a necrophage
    21 | D        | Killed a necrophage
    21 | D        | Reached skill level 5 in Spellcasting
    21 | D        | Reached skill level 8 in Earth Magic
    21 | D        | Reached XP level 2. HP: 1/15 MP: 0/8
    21 | D        | Reached XP level 3. HP: 2/19 MP: 0/9
    21 | D        | Reached XP level 4. HP: 3/24 MP: 0/11
    31 | D        | Slain by a necrophage

Vault maps used:
D:        the_violet_keep_of_menkaure

Skill      XL: |  1 |
---------------+----+-----
Spellcasting   | 5 |  5.3
Earth Magic    | 8 |  8.3
Dodging        | |  1.5
Stealth        | |  2.1
Transmutations | |  0.7

Action                   |  1- 3 |  4- 6 || total
-------------------------+-------+-------++-------
Melee: Unarmed           |    12 |    10 ||    22
 Cast: Sandblast         |     3 |       ||     3
  Use: Potion            |     1 |       ||     1
Armor: Robe              |     2 |       ||     2
Dodge: Dodged            |     3 |     5 ||     8

Table legend:
 A = Non-vault XP
 B = Vault XP
 C = Vault XP percentage of total XP
 D = Non-vault monster count
 E = Vault monster count
 F = Vault count percentage of total count
                 A         B        C        D         E       F
            +---------+---------+-------+---------+---------+-------
      Total |       0 |     116 | 100.0 |       0 |       1 | 100.0
            +---------+---------+-------+---------+---------+-------
          D |       0 |     116 | 100.0 |       0 |       1 | 100.0
            +---------+---------+-------+---------+---------+-------
